Match 47148440
Unlisted

Match 47148440
End
Kradschützen Motorcycle Team
Selects Armored Support Battlegroup
Panzergrenadier Squad
250 Light Carrier
Panzergrenadier Squad
Construct Light Support Kompanie
Assault Grenadier Squad
Selects Superior Fire Drills
Construct Mechanized Kompanie
Panzerjäger Mechanized Group
8 Rad Armored Car
8 Rad Armored Car
2.5-tonne Medical Truck
254 Reconnaissance Tractor
Selects Salvage Kits
Selects Flammpanzer III Medium Tank
Vehicle Survival Package
Construct Panzerarmee Kommand
Selects Command Panzer IV F Medium Tank
Panzer III L Medium Tank
Panzer III L Medium Tank
Panzerpioneer Squad
Selects Panzer Storm
Command Panzer IV F Medium Tank
Emergency Repair Kits
Selects Stuka Anti-tank Loiter
Stuka Anti-tank Loiter
Panzer III L Medium Tank
Armored Reserves
Panzergrenadier Squad
Rapid Advance
Panzer IV Assault Group
Tungsten Core Ammunition
Panzer III L Medium Tank
Command Panzer IV F Medium Tank
Panzergrenadier Squad
Panzer III L Medium Tank
Panzer Storm
Panzer IV Assault Group
Panzer III L Medium Tank
Kradschützen Motorcycle Team
Panzer III L Medium Tank
Panzergrenadier Squad
STEVEBUSMILK
Sgt Johnson
Moon-Man--14
Tigerlimo_78
CDI
jimmyjimmyii
CHYSAETOS
KKKK飞
0
0

Comments sign in to comment!

No comments posted yet!